 Dungeon Crawl Stone Soup version 0.21-a0-529-g8c7b3f5 (webtiles) character file.

164 tof the Skirmisher (level 5, -1/82 HPs)
             Began as an Ogre Berserker on Dec 9, 2017.
             Was a Believer of Trog.
             Slain by an orc priest
             ... wielding a +0 short sword
              (6 damage)
             ... on level 3 of the Dungeon.
             The game lasted 00:03:35 (3046 turns).

tof the Skirmisher (Ogre Berserker)                 Turns: 3046, Time: 00:03:36

Health: -1/82      AC:  3    Str: 26    XL:     5   Next: 45%
Magic:  5/5        EV: 10    Int:  8    God:    Trog [**....]
Gold:   161        SH:  0    Dex:  9    Spells: 4/4 levels left

rFire    . . .     SeeInvis .   a - +0 mace
rCold    . . .     Gourm    .   (no shield)
rNeg     . . .     Faith    .   b - +0 animal skin
rPois    .         Spirit   .   (helmet restricted)
rElec    .         Reflect  .   (no cloak)
rCorr    .         Harm     .   (gloves unavailable)
MR       ++...                  (boots unavailable)
Stlth    ..........             (no amulet)
HPRegen  1.23/turn              (no ring)
MPRegen  0.09/turn              (no ring)

@: berserking (expiring), regenerating, very quick
A: large, unfitting armour, tough skin 1
a: Berserk, Trog's Hand, Burn Spellbooks, Renounce Religion


You were on level 3 of the Dungeon.
You worshipped Trog.
Trog was pleased with you.
You were very hungry.

You visited 1 branch of the dungeon, and saw 3 of its levels.

You collected 161 gold pieces.

Inventory:

Hand Weapons
 a - a +0 mace (weapon)
Missiles
 g - 60 stones
 i - 6 javelins (quivered)
Armour
 b - a +0 animal skin (worn)
Scrolls
 k - a scroll of enchant armour {unknown}
 l - a scroll of magic mapping {unknown}
 m - a scroll of enchant weapon {unknown}
 o - a scroll of immolation {unknown}
 r - a scroll of fog {unknown}
Potions
 d - a potion of degeneration {unknown}
 e - a potion of mutation {unknown}
 f - a potion of brilliance {unknown}
 h - a potion of resistance {unknown}
 p - a potion of curing {unknown}
 q - a potion of agility {unknown}
Comestibles
 c - 3 bread rations
 j - a meat ration
 n - 2 chunks of flesh


   Skills:
 + Level 4.9 Fighting
 * Level 3.8 Maces & Flails
 + Level 1.6 Throwing
 + Level 1.3 Armour
 + Level 3.2 Dodging


You had 4 spell levels left.
You didn't know any spells.

Dungeon Overview and Level Annotations

Branches:
Dungeon (3/15)

Altars:


Innate Abilities, Weirdness & Mutations

You are too large for most types of armour.
You have tough skin. (AC +1)


Message History

Trog accepts your kill.
The orc priest calls down the wrath of Beogh upon you.
Beogh smites you!
* * * LOW HITPOINT WARNING * * *
You hear some strange, mumbled words.
The orc priest calls down the wrath of Beogh upon you.
Beogh smites you!
* * * LOW HITPOINT WARNING * * *
Things that are here:
a morningstar; a leather armour You thump the orc priest!
The orc priest is severely wounded.
The orc priest hits you with a short sword.
* * * LOW HITPOINT WARNING * * *
You hit the orc priest.
The orc priest is almost dead.
You closely miss the orc priest.
The orc priest is almost dead.
The orc priest hits you with a short sword.
You die...

#........##.##
#..#####.#...#####
#..# #......#..
#..# #.#...#.#
#.....##.##.#.##
#.###........## #.
.....##.#.# ##
#### #)##.# #@#
#.# #o# ## #o.
#o.# #..# ....
#.(. ...##


You could see an orc priest and 2 orcs.

Vanquished Creatures
  An orc priest (D:3)
  5 adders
  5 worms
  2 dart slugs (D:1)
  A leopard gecko (D:3)
  4 orcs (D:3)
  5 giant cockroaches
  7 hobgoblins
  6 jackals
  A quokka (D:2)
  7 bats
  5 frilled lizards
  10 goblins
  5 kobolds
  4 rats
68 creatures vanquished.

Notes
Turn   | Place    | Note
-------+----------+-------------------------------------------
     0 | D:1      | tof the Ogre Berserker began the quest for the Orb.
     0 | D:1      | Reached XP level 1. HP: 24/24 MP: 1/1
   254 | D:1      | Reached XP level 2. HP: 26/32 MP: 2/2
   951 | D:1      | Reached XP level 3. HP: 39/40 MP: 3/3
  1584 | D:2      | Reached skill level 1 in Throwing
  1916 | D:2      | Reached ** piety under Trog
  1936 | D:2      | Reached XP level 4. HP: 47/49 MP: 4/4
  2004 | D:2      | Reached skill level 1 in Armour
  2963 | D:3      | Reached XP level 5. HP: 52/55 MP: 5/5
  3043 | D:3      | HP: 3/82 [orc priest/divine providence (11)]
  3046 | D:3      | Slain by an orc priest

Vault maps used:
D:1:      erik_arrival_cave_to_civilisation
D:2:      st_stairs_12
D:3:      first_bread

Skill      XL: |  1  2  3  4 |
---------------+-------------+-----
Maces & Flails | 3 |  3.8
Throwing       | 1 |  1.6
Dodging        | 3 |  3.2
Armour         | 1 |  1.3
Fighting       | |  4.9

Action                   |  1- 3 |  4- 6 || total
-------------------------+-------+-------++-------
Melee: Mace              |   117 |    76 ||   193
Throw: Javelin           |    17 |    28 ||    45
Invok: Berserk           |       |     1 ||     1
       Trog's Hand       |       |     1 ||     1
  Eat: Chunk             |     3 |     4 ||     7
Armor: Animal skin       |    53 |    28 ||    81
Dodge: Dodged            |   105 |    74 ||   179

Table legend:
 A = Spawn XP
 B = Non-spawn XP
 C = Spawn XP percentage of total XP
 D = Spawn monster count
 E = Non-spawn monster count
 F = Spawn count percentage of total count
 G = Total turns spent on level
                    A         B        C        D         E        F      G
               +---------+---------+-------+---------+---------+-------+---------
         Total |       0 |     235 |   0.0 |       0 |      68 |   0.0 |  3046
               +---------+---------+-------+---------+---------+-------+---------
           D:1 |       0 |      42 |   0.0 |       0 |      25 |   0.0 |  1263
           D:2 |       0 |      58 |   0.0 |       0 |      16 |   0.0 |  1076
           D:3 |       0 |     135 |   0.0 |       0 |      27 |   0.0 |   707
               +---------+---------+-------+---------+---------+-------+---------
